cohdb
Replays
Latest Replays
All Replays
Popular Replays
Top Player Replays
Match Explorer
How It Works
Community
CoH3 Stats
Reddit
Sign in to upload your games and track your stats! →
Sign in with Steam
Pop goes the Grb
Match 34872437
Overview
Messages
Build Orders
End
Kettenkrad Recon Vehicle
Construct Infanterie Kompanie
Selects Breakthrough Battlegroup
Selects Assault Grenadiers
Grenadier Squad
Grenadier Squad
Grenadier Squad
Infanterie Officer Quarters
Construct Panzergrenadier Kompanie
Selects Rapid Production
251 Medium Carrier
Pak 40 Anti-tank Gun Team
MG 42 Machine Gun Team
Pak 40 Anti-tank Gun Team
Construct Panzer Kompanie
Selects Blitzkrieg
Stoßtruppen Squad
Medical Bunker
Sturmpanzer IV Brummbär
Panzer Officer Quarters
Panzer IV Medium Tank
Repair Bunker
Panzergrenadier Officer Quarters
Medical Bunker
Stoßtruppen Squad
Pioneer Squad
Selects Tiger Heavy Tank
Selects Breakthrough
Tiger Heavy Tank
Blitzkrieg
Evelynn
twitch.tv/blue_skidrow
aSIISymbiosis
aSIIWarbringer
0
0
Comments
sign in to comment!
No comments posted yet!